cohdb
Replays
Latest Replays
All Replays
Popular Replays
Top Player Replays
Match Explorer
How It Works
Community
CoH3 Stats
Reddit
Sign in to upload your games and track your stats! →
Sign in with Steam
Match 40952812
Unlisted
Match 40952812
Overview
Messages
Build Orders
End
Pioneer Squad
Selects Terror Battlegroup
Construct Infanterie Kompanie
Grenadier Squad
Grenadier Squad
Grenadier Squad
Infanterie Officer Quarters
Selects Heavy Gunnery
Construct Luftwaffe Kompanie
Flak 30 Anti-aircraft Gun Team
Jäger Squad
Construct Panzer Kompanie
Selects No Quarter
Medical Bunker
Panzer IV Medium Tank
CAuMOH
eliass0101
Qhunter
Bego
0
0
Comments
sign in to comment!
No comments posted yet!